cohdb
Replays
Latest Replays
All Replays
Popular Replays
Top Player Replays
Match Explorer
How It Works
Community
CoH3 Stats
Reddit
Sign in to upload your games and track your stats! →
Sign in with Steam
Match 45471285
Unlisted
Match 45471285
Overview
Messages
Build Orders
End
Kradschützen Motorcycle Team
Selects Panzerjäger Kommand Battlegroup
Selects Blockade Equipment
Panzergrenadier Squad
250 Light Carrier
250 Light Carrier
Panzerpioneer Squad
Construct Light Support Kompanie
Fire Support Elements
Combat Half-tracks
Selects GrB 39 Grenade Launcher Requisition
Assault Mechanized Group
Flakvierling Half-track
Selects Defensive Positions
2.5-tonne Medical Truck
Pak 38 Anti-tank Gun Team
Construct Mechanized Kompanie
Selects Butterfly Bomb Drop
Butterfly Bomb Drop
254 Reconnaissance Tractor
Panzerjäger Mechanized Group
Butterfly Bomb Drop
Emergency Repair Kits
Construct Panzerarmee Kommand
naive
welnez
Beary bear
Urge to Merge
PANDAKING
HackerBlack_Sunday
Flat Arthur
mooncat_black
0
0
Comments
sign in to comment!
No comments posted yet!